 Dungeon Crawl Stone Soup version 0.26-a0-778-g3fe0686644 (webtiles) character file.

Game seed: 16580451779367927882

1913 somkeydreadnuts the Geomancer (level 8, -1/41 HPs)
             Began as a Deep Elf Earth Elementalist on Nov 10, 2020.
             Was an Initiate of Vehumet.
             Shot with an arrow by a centaur (2 damage)
             ... on level 6 of the Dungeon.
             The game lasted 00:27:14 (7018 turns).

somkeydreadnuts the Geomancer (DEEE)                Turns: 7018, Time: 00:27:16

Health: -1/41      AC:  4    Str:  5    XL:     8   Next: 95%
Magic:  11/22      EV: 13    Int: 23    God:    Vehumet [......]
Gold:   314        SH:  0    Dex: 18    Spells: 15/24 levels left

rFire    . . .     SeeInvis +   y - +10 trident "Saebaest" {vorpal, Dex+3}
rCold    . . .     Faith    .   (no shield)
rNeg     . . .     Spirit   .   c - +0 robe
rPois    .         Reflect  .   l - +0 helmet
rElec    .         Harm     .   t - +0 cloak {rCorr}
rCorr    +         Rampage  .   (no gloves)
MR       +....                  (no boots)
Stlth    ++........             C - amulet of the acrobat
HPRegen  0.13/turn              z - ring of see invisible
MPRegen  0.18/turn              h - ring of protection from magic

@: no status effects
A: no striking features
a: Renounce Religion


You were on level 6 of the Dungeon.
You worshipped Vehumet.
Vehumet was noncommittal.
You visited 2 branches of the dungeon, and saw 7 of its levels.

You collected 314 gold pieces.

Inventory:

Hand Weapons
 y - the +10 trident "Saebaest" (weapon) {vorpal, Dex+3}
   (You found it on level 5 of the Dungeon)

   It inflicts extra damage upon your enemies.
   It affects your dexterity (+3).
Missiles
 b - 76 stones (quivered)
Armour
 c - a +0 robe (worn)
 l - a +0 helmet (worn)
 n - a +2 cloak
 t - a +0 cloak of preservation (worn)
Jewellery
 h - a ring of protection from magic (right hand)
 o - an uncursed ring of fire
 z - a ring of see invisible (left hand)
 C - an amulet of the acrobat (around neck)
 D - an uncursed ring of positive energy
Wands
 s - a wand of digging (6)
 v - a wand of paralysis (8)
Scrolls
 e - 8 scrolls of identify {unknown}
 f - 5 scrolls of remove curse {unknown}
 i - 2 scrolls of fog {unknown}
 j - a scroll of immolation {unknown}
 m - 2 scrolls of enchant weapon {unknown}
 p - 2 scrolls of teleportation {unknown}
 x - a scroll of fear {unknown}
 B - a scroll of torment {unknown}
Potions
 a - a potion of attraction {unknown}
 d - 4 potions of curing {unknown}
 g - a potion of might {unknown}
 k - a potion of ambrosia {unknown}
 q - a potion of resistance
 r - 3 potions of heal wounds {unknown}
 u - 2 potions of invisibility {unknown}
 w - a potion of flight {unknown}
 A - 2 potions of haste {unknown}


   Skills:
 - Level 2.4 Dodging
 - Level 2.4 Stealth
 + Level 8.7 Spellcasting
   Level 1.1 Transmutations
 - Level 11.1 Earth Magic


You had 15 spell levels left.
You knew the following spells:

 Your Spells              Type           Power        Failure   Level
a - Sandblast             Erth           ######       1%          1
b - Stone Arrow           Conj/Erth      #####.       1%          3
c - Lee's Rapid Deconstr  Erth           ######....   1%          5

Your spell library contained the following spells:

 Spells                   Type           Power        Failure   Level
 Passwall                 Tmut/Erth      #####...     1%          2
 Petrify                  Tmut/Erth      #####...     5%          4


Dungeon Overview and Level Annotations

Branches:
Dungeon (6/15)             Temple (1/1) D:6

Altars:
Cheibriados
Dithmenos
Elyvilon
Gozag
Hepliaklqana
Kikubaaqudgha
Okawaru
Ru
Sif Muna
Trog
Uskayaw
Vehumet
Wu Jian

Shops:
D:5 *

Annotations:
D:6 Maggie


Message History

Casting: Sandblast (safe; 1% risk of failure)
Confirm with . or Enter, or press ? or * to list all spells.
Aiming: Lee's Rapid Deconstruction (dangerous; 1% risk of failure)
Press: ? - help, Dir - move target cursor, p - Maggie A rock wall.
The wall shatters!
The blast of rock fragments hits Maggie!
Maggie is heavily wounded.
You hear a shout!
The centaur shoots an arrow.
The arrow barely misses you.
Casting: Lee's Rapid Deconstruction (dangerous; 1% risk of failure)
Confirm with . or Enter, or press ? or * to list all spells.
Press: ? - help, Shift-Dir - straight line, f - centaur
Aim: a centaur, wielding a +2 vorpal shortbow and quivering 11 arrows The blast of sand hits the centaur!
The centaur is heavily wounded.
b - 76 stones The centaur shoots an arrow.
The arrow hits you!
* * * LOW HITPOINT WARNING * * *
You die...

#........####
#.#####..#
#.#####.##
###)##....##########
#...................
#.#<##.#############
#.......##....#
#.###########.#
#..@@((# #.#
#.###.####.#
#c..##.#
#.....##.##.#
#####.#.....#
c.####### ###


You could see Maggie and a centaur.

Vanquished Creatures
  Menkaure (D:6)
  Edmund (D:6)
  An ice beast (D:5)
  A sky beast (D:6)
  An orc warrior (D:6)
  2 ogres
  A centaur (D:6)
  3 bullfrogs (D:6)
  A scorpion (D:5)
  A howler monkey (D:5)
  A bullfrog zombie (D:5)
  A hound (D:5)
  5 orc wizards
  An orc priest (D:4)
  Crazy Yiuf (D:3)
  2 centaur skeletons
  A gnoll shaman (D:4)
  A bullfrog skeleton (D:5)
  4 iguanas (D:4)
  A worker ant (D:5)
  A hound skeleton (D:4)
  Robin (D:2)
  12 gnolls
  10 adders
  A shadow imp (D:5)
  2 oozes
  An adder zombie (D:6)
  An adder skeleton (D:4)
  A worm (D:2)
  2 dart slugs
  5 leopard geckos
  11 orcs
  3 ball pythons (D:2)
  10 giant cockroaches
  12 goblins
  12 hobgoblins
  7 jackals
  A quokka (D:3)
  7 bats
  8 frilled lizards
  7 kobolds
  A quokka zombie (D:6)
  9 rats
156 creatures vanquished.

Notes
Turn   | Place    | Note
-------+----------+-------------------------------------------
     0 | D:1      | somkeydreadnuts the Deep Elf Earth Elementalist began the
                  | quest for the Orb.
     0 | D:1      | Reached XP level 1. HP: 10/10 MP: 6/6
   261 | D:1      | Reached XP level 2. HP: 15/15 MP: 5/8
   281 | D:1      | Reached skill level 4 in Earth Magic
   996 | D:1      | Reached XP level 3. HP: 11/19 MP: 5/9
  1391 | D:2      | Noticed Robin
  1395 | D:2      | Reached skill level 5 in Earth Magic
  1823 | D:2      | Killed Robin
  1823 | D:2      | Reached XP level 4. HP: 24/24 MP: 7/10
  2140 | D:2      | Learned a level 3 spell: Stone Arrow
  2356 | D:2      | Reached skill level 6 in Earth Magic
  2431 | D:2      | Reached XP level 5. HP: 28/28 MP: 6/11
  2590 | D:2      | Found a white marble altar of Elyvilon.
  2592 | D:2      | Found an ancient bone altar of Kikubaaqudgha.
  2624 | D:2      | Found a shimmering blue altar of Sif Muna.
  2626 | D:2      | Found an opulent altar of Gozag.
  3215 | D:3      | Found a runed translucent door.
  3216 | D:3      | Noticed Crazy Yiuf
  3488 | D:3      | Found a faded altar of an unknown god.
  3804 | D:3      | Killed Crazy Yiuf
  3804 | D:3      | Reached skill level 7 in Earth Magic
  3984 | D:4      | Reached XP level 6. HP: 32/32 MP: 8/12
  4040 | D:4      | Learned a level 5 spell: Lee's Rapid Deconstruction
  4155 | D:4      | Reached skill level 8 in Earth Magic
  4203 | D:4      | Found an iron altar of Okawaru.
  4203 | D:4      | Found a hide-covered altar of Uskayaw.
  4720 | D:4      | Reached XP level 7. HP: 25/36 MP: 5/13
  4897 | D:4      | Reached skill level 9 in Earth Magic
  4914 | D:4      | Found a sacrificial altar of Ru.
  5195 | D:5      | Entered Level 5 of the Dungeon
  5219 | D:5      | Got a bloodstained trident
  5229 | D:5      | Identified the +10 trident "Saebaest" {vorpal, Dex+3} (You
                  | found it on level 5 of the Dungeon)
  5420 | D:5      | Reached skill level 10 in Earth Magic
  5614 | D:5      | Found Xojughit's Assorted Antiques.
  5834 | D:5      | Reached XP level 8. HP: 27/41 MP: 12/14
  6027 | D:6      | Noticed Edmund
  6031 | D:6      | Killed Edmund
  6031 | D:6      | Reached skill level 11 in Earth Magic
  6177 | D:6      | Found a staircase to the Ecumenical Temple.
  6188 | Temple   | Entered the Ecumenical Temple
  6196 | Temple   | Became a worshipper of Vehumet
  6434 | D:6      | Noticed Menkaure
  6439 | D:6      | Killed Menkaure
  6439 | D:6      | Reached skill level 5 in Spellcasting
  7011 | D:6      | Noticed Maggie
  7018 | D:6      | HP: 1/41 [centaur/arrow (8)]
  7018 | D:6      | Shot with an arrow by a centaur

Illustrated notes

Levels and vault maps discovered:
D:1:      scummos_arrival_forest, layout_loops_corners
D:2:      layout_loops_corners, nicolae_overflow_hidden_temple,
          skrybe_limestone_x, minmay_tiny_reverse_x, uniq_robin
D:3:      layout_loops_ring, chequers_ecumenical_altar_island,
          uniq_crazy_yiuf_cottage
D:4:      layout_rooms, gammafunk_temple_overflow_statue,
          nicolae_ru_sacrificial_ziggurat
D:5:      layout_loops_cross, serial_shops, shop
D:6:      layout_basic, minmay_temple_entry_glassed_door, minivault_4,
          grunt_ministairs_3, uniq_menkaure, uniq_maggie, uniq_edmund
Temple:   nicolae_temple_great_sept

Skill      XL: |  1  2  3  4  5  6  7  8 |
---------------+-------------------------+-----
Earth Magic    | 4 5 6 7 8 10 11 | 11.1
Spellcasting   | 8 |  8.7
Dodging        | |  2.4
Stealth        | |  2.4
Transmutations | |  1.1

Action                   |  1- 3 |  4- 6 |  7- 9 || total
-------------------------+-------+-------+-------++-------
Melee: Unarmed           |    12 |       |       ||    12
       Hand axe          |    15 |    10 |       ||    25
       Halberd           |       |    92 |     3 ||    95
       Trident           |       |       |    30 ||    30
 Cast: Sandblast         |    48 |    57 |    43 ||   148
       Lee's Rapid Decon |       |     3 |     9 ||    12
       Stone Arrow       |       |       |     2 ||     2
 Stab: Sleeping          |     2 |     1 |     1 ||     4
Armor: Robe              |     8 |    60 |     6 ||    74
Dodge: Dodged            |    26 |   124 |    37 ||   187

Table legend: (Time is in decaauts)
 A = Elapsed time spent in this place.
 B = Non-inter-level travel time spent in this place.
 C = Inter-level travel time spent in this place.
 D = Time resting spent in this place.
 E = Time spent auto-exploring this place.
 F = Levels seen in this place.
 G = Mean time per level.
                   A        B        C        D        E       F      G
               +--------+--------+--------+--------+--------+-----+--------+
         Total |   7094 |   7068 |     26 |      0 |   5091 |   7 | 1013.4 |
       Dungeon |   7077 |   7051 |     26 |      0 |   5091 |   6 | 1179.5 |
        Temple |     16 |     16 |      0 |      0 |      0 |   1 |   16.0 |
               +--------+--------+--------+--------+--------+-----+--------+

Top non-repeatable levels by time:
     D:1: 1773 daAuts
     D:2: 1257 daAuts
     D:3: 1222 daAuts
     D:6: 1012 daAuts
     D:4: 1010 daAuts
     D:5: 801 daAuts
  Temple: 16 daAuts
